 Seeded DCSS version 0.30-a0-371-gad7725a93e (webtiles) character file.

Game seed: 13658021519148660155 (custom seed)

16 innerfire433 the Trooper (level 2, -10/23 (24) HPs)
             Began as a Demonspawn Monk on Nov 21, 2022.
             Was a Believer of Nemelex Xobeh.
             Mangled by Crazy Yiuf
             ... wielding a +3 quarterstaff of chaos
              (17 damage)
             ... on level 2 of the Dungeon.
             The game lasted 00:01:37 (859 turns).

innerfire433 the Trooper (Demonspawn Monk)           Turns: 859, Time: 00:01:39

HP:   -10/23 (24)   AC:  2    Str: 11    XL:     2   Next: 41%
MP:   2/2           EV: 13    Int: 11    God:    Nemelex Xobeh [**....]
Gold: 65            SH:  0    Dex: 15    Spells: 1/1 levels left

rFire   . . .      SeeInvis .    d - +3 hand axe
rCold   . . .      Faith    .    (no shield)
rNeg    . . .      Spirit   .    b - +0 robe
rPois   .          Reflect  .    (no helmet)
rElec   .          Harm     .    (no cloak)
rCorr   .          Rampage  .    (no gloves)
Will    .....                    (no boots)
Stlth   +.........               (no amulet)
HPRegen 0.23/turn                (no ring)
MPRegen 0.08/turn                (no ring)

@: confused, lethally poisoned (-10 -> -16), ambrosia-drunk, lightly drained
A: weakness stinger 1
a: Renounce Religion, Draw Escape, Draw Destruction, Draw Summoning


You were on level 2 of the Dungeon.
You worshipped Nemelex Xobeh.
Nemelex Xobeh was pleased with you.
You visited 1 branch of the dungeon, and saw 2 of its levels.

You collected 65 gold pieces.

Inventory:

Hand Weapons
 a - a +0 hand axe
 d - a +3 hand axe (weapon)
Missiles
 i - a throwing net (quivered)
Armour
 b - a +0 robe (worn)
Scrolls
 e - a scroll of immolation {unknown}
 f - a scroll of identify {unknown}
 h - a scroll of butterflies {unknown}
 j - a scroll of poison {unknown}


   Skills:
 + Level 3.2 Fighting
 + Level 2.9 Axes
 + Level 2.9 Dodging
 - Level 2.0 Stealth


You had one spell level left.
You didn't know any spells.
Your spell library contained the following spells:

 Spells                   Type           Power      Damage    Failure   Level
 Magic Dart               Conj           0%         1d3       34%         1
 Blink                    Tloc           0%         N/A       47%         2
 Call Imp                 Summ           0%         N/A       47%         2
 Momentum Strike          Conj/Tloc      0%         3d8       47%         2
 Gell's Gravitas          Tloc           0%         N/A       71%         3
 Lesser Beckoning         Tloc           0%         N/A       71%         3
 Mephitic Cloud           Conj/Pois/Air  0%         N/A       71%         3
 Teleport Other           Tloc           0%         N/A       71%         3
 Dispersal                Tloc           0%         N/A       100%        6


Dungeon Overview and Level Annotations

Branches:
Dungeon (2/15)

Altars:
Nemelex Xobeh

Shops:
D:1 !

Annotations:
D:2 Crazy Yiuf, Robin


Innate Abilities, Weirdness & Mutations

You have a small tail.


Message History

The bolt of dispelling energy misses you.
You hit Crazy Yiuf.
Crazy Yiuf is heavily wounded.
Crazy Yiuf hits you with a +3 quarterstaff of chaos!
You feel drained.
You hit Crazy Yiuf.
Crazy Yiuf is heavily wounded.
Crazy Yiuf says, "East sallow dark!"
Crazy Yiuf drinks a potion.
Crazy Yiuf is healed!
You feel much better. Crazy Yiuf completely misses you.
You hit Crazy Yiuf.
Crazy Yiuf is lightly wounded.
Crazy Yiuf hits you with a +3 quarterstaff of chaos!
Crazy Yiuf freezes you.
You hit Crazy Yiuf.
Crazy Yiuf is moderately wounded.
Crazy Yiuf closely misses you.
Crazy Yiuf zaps a wand.
The bolt of dispelling energy misses you.
The now-empty wand crumbles to dust.
You hit Crazy Yiuf.
Crazy Yiuf is severely wounded.
Crazy Yiuf barely misses you.
You closely miss Crazy Yiuf.
Crazy Yiuf is severely wounded.
Crazy Yiuf hits you with a +3 quarterstaff of chaos!
* * * LOW HITPOINT WARNING * * *
You are lethally poisoned!
You are confused.
You feel invigorated.
* * * LOW HITPOINT WARNING * * *
You feel very sick. Crazy Yiuf barely misses you.
You closely miss Crazy Yiuf.
Crazy Yiuf is severely wounded.
You feel very sick.
Crazy Yiuf whimpers, "You!"
Crazy Yiuf hits you with a +3 quarterstaff of chaos!
Ouch! That really hurt!
You die...
Your body glows slightly and disappears.

g:.........#..##
.g.........##..###
g....g.....###..)#
############ ###)#
#.## #..# ###
♣♣###.# #)..#♣♣
♣♣P....#
#...g@♣♣♣♣..)...#
#...#♣..♣......##
### ♣♣♣.♣....##
♣♣♣♣♣###


You could see Crazy Yiuf.

Vanquished Creatures
  2 bats (D:1)
  4 goblins (D:2)
  2 hobgoblins
  2 kobolds (D:1)
  A quokka (D:1)
  A ball python (D:1)
  A frilled lizard (D:1)
  A rat (D:1)
  A bush (D:2)
15 creatures vanquished.

Vanquished Creatures (others)
  4 fungi (D:2)
4 creatures vanquished.

Grand Total: 19 creatures vanquished

Notes
Turn   | Place    | Note
-------+----------+-------------------------------------------
     0 | D:1      | innerfire433 the Demonspawn Monk began the quest for the
                  | Orb.
     0 | D:1      | Reached XP level 1. HP: 18/18 MP: 1/1
   282 | D:1      | Found Mijehyny's Distillery.
   367 | D:1      | Found a faded altar of an unknown god.
   397 | D:1      | Gained mutation: You have a small tail. [demonic ancestry]
   397 | D:1      | Reached XP level 2. HP: 23/24 MP: 2/2
   419 | D:1      | Prayed at the altar of an unknown god.
   419 | D:1      | Became a worshipper of Nemelex Xobeh the Trickster
   419 | D:1      | Reached * piety under Nemelex Xobeh
   419 | D:1      | Received a gift from Nemelex Xobeh
   419 | D:1      | Reached ** piety under Nemelex Xobeh
   419 | D:1      | Received a gift from Nemelex Xobeh
   706 | D:2      | Noticed Robin
   845 | D:2      | Found a runed translucent door.
   846 | D:2      | Noticed Crazy Yiuf
   859 | D:2      | Mangled by Crazy Yiuf

Illustrated notes

Levels and vault maps discovered:
D:1:      sevenhm_arrival_forest_fort_small_3, layout_basic,
          shapermc_ecumenical_altar_acropolis, serial_shops,
          nicolae_shop_crystal, serial_bayou_ford_a
D:2:      layout_basic, serial_shops, shop, uniq_robin, uniq_crazy_yiuf_cottage

Skill      XL: |  1 |
---------------+----+-----
Stealth        | 2 |  2.0
Fighting       | |  3.2
Axes           | |  2.9
Dodging        | |  2.9

Action                   || total
-------------------------++-------
Melee: Hand axe          ||   133
       Tailslap          ||    27
       Punch             ||     3
  Use: Potion            ||     2
 Stab: Sleeping          ||     3
Armor: Robe              ||     8
Dodge: Dodged            ||    27

Table legend: (Time is in decaauts)
 A = Elapsed time spent in this place.
 B = Non-inter-level travel time spent in this place.
 C = Inter-level travel time spent in this place.
 D = Time resting spent in this place.
 E = Time spent auto-exploring this place.
 F = Levels seen in this place.
 G = Mean time per level.
                   A        B        C        D        E       F      G
               +--------+--------+--------+--------+--------+-----+--------+
         Total |    883 |    814 |     69 |      0 |    551 |   2 |  441.5 |
       Dungeon |    883 |    814 |     69 |      0 |    551 |   2 |  441.5 |
               +--------+--------+--------+--------+--------+-----+--------+

Top non-repeatable levels by time:
     D:1: 687 daAuts
     D:2: 196 daAuts
